 Dungeon Crawl Stone Soup version 0.29.1-13-g9f3cf754e1 (webtiles) character file.

Game seed: 16712862161909967380

28 protoss039 the Digger (level 3, 24/24 HPs)
             Began as a Demonspawn Earth Elementalist on Feb 8, 2023.
             Got out of the dungeon alive.
             The game lasted 00:01:53 (1515 turns).

protoss039 the Digger (DsEE)                        Turns: 1515, Time: 00:01:53

Health: 24/24      AC:  2    Str:  8    XL:     3   Next: 0%
Magic:  6/6        EV: 12    Int: 18    God:
Gold:   42         SH:  0    Dex: 13    Spells: 5/6 levels left

rFire   . . .      SeeInvis .   e - +0 short sword
rCold   . . .      Faith    .   (no shield)
rNeg    . . .      Spirit   .   a - +0 robe
rPois   .          Reflect  .   (helmet restricted)
rElec   .          Harm     .   (no cloak)
rCorr   .          Rampage  .   (no gloves)
Will    .....                   (no boots)
Stlth   ++........              (no amulet)
HPRegen 0.08/turn               (no ring)
MPRegen 0.10/turn               (no ring)

@: no status effects
A: antennae 1, demonic magic 1
a: no special abilities


You escaped.
You visited 1 branch of the dungeon, and saw 1 of its levels.

You collected 42 gold pieces.

Inventory:

Hand Weapons
 e - a +0 short sword (weapon)
Armour
 a - a +0 robe (worn)
Jewellery
 f - a ring of ice
Scrolls
 c - 2 scrolls of vulnerability {unknown}
 d - a scroll of enchant weapon {unknown}
 g - a scroll of teleportation {unknown}
Potions
 b - a potion of magic


   Skills:
 + Level 2.1 Dodging
 + Level 2.1 Stealth
 + Level 2.2 Spellcasting
 + Level 1.3 Transmutations
 + Level 2.9 Earth Magic


You had 5 spell levels left.
You knew the following spells:

 Your Spells              Type           Power      Damage    Failure   Level
a - Sandblast             Erth           24%        2d8       5%          1

Your spell library contained the following spells:

 Spells                   Type           Power      Damage    Failure   Level
 Passwall                 Tmut/Erth      7%         N/A       11%         2
 Stone Arrow              Conj/Erth      14%        3d7       28%         3
 Petrify                  Tmut/Erth      9%         N/A       58%         4


Dungeon Overview and Level Annotations

Branches:
Dungeon (1/15) Zot: 4473

Altars:


Innate Abilities, Weirdness & Mutations

You have a pair of small antennae on your head.
Spells you cast may paralyse adjacent enemies.


Message History

You see here a ball python corpse.
You open the door.
There is an open door here.
There is an open door here.
You see here a ball python corpse.
A kobold comes into view. It is wielding a +2 dagger of venom.
A kobold is nearby!
A kobold is nearby!
A kobold is nearby!
A kobold is nearby!
A kobold is nearby!
A kobold is nearby!
A kobold is nearby!
The helpless kobold fails to defend itself.
You puncture the kobold!
You kill the kobold!
Things that are here:
a +2 dagger of venom; 4 stones; a kobold corpse No target in view!
A frilled lizard comes into view.
The frilled lizard hisses angrily.
A frilled lizard is nearby!
A frilled lizard is nearby!
Casting: Sandblast (safe; 6% risk of failure)
Confirm with . or Enter, or press ? or * to list all spells.
Aiming: Sandblast (safe; 6% risk of failure)
Press: ? - help, Shift-Dir - straight line, f - frilled lizard
Aim: a frilled lizard (70% to hit)
The blast of sand hits the frilled lizard!
You kill the frilled lizard!
Malevolent energies surge around you.
You have reached level 3!
Your experience leads to an increase in your attributes!
Increase (S)trength, (I)ntelligence, or (D)exterity?
You feel clever. x2; Your demonic ancestry asserts itself...
A pair of antennae grows on your head!
Unknown command.
There is a staircase leading out of the dungeon here.
Are you sure you want to leave the Dungeon?
This will make you lose the game!
You have escaped!

..............## ##..........##..
.........###############.....##..
.........# ##.......## #.........
.........###.........###.....###.
.........##...........##.........
.........#.............#.....###.
...รท##..##.............##....###.
.......#.#............)#.#.......
......#.........@.........#....).
....#..#.#...(.........#.#..#>##.
....#...##.............##........
#+#.#.#..#.............#.........
#.#.#..##...........##..#.#....
#.#.#..###.........###..#.###..
#.#+#..# ##.......## #..#.# #..
#......###############..#.###..
#...........## ##.......#.##...


There were no monsters in sight!

Vanquished Creatures
  6 ball pythons (D:1)
  An endoplasm (D:1)
  2 goblins (D:1)
  4 hobgoblins (D:1)
  8 kobolds (D:1)
  A quokka (D:1)
  A bat (D:1)
  2 frilled lizards (D:1)
25 creatures vanquished.

Notes
Turn   | Place    | Note
-------+----------+-------------------------------------------
     0 | D:1      | protoss039 the Demonspawn Earth Elementalist began the
                  | quest for the Orb.
     0 | D:1      | Reached XP level 1. HP: 13/13 MP: 3/3
    27 | D:1      | Reached skill level 1 in Transmutations
   391 | D:1      | Gained mutation: Spells you cast may paralyse adjacent
                  | enemies. [demonic ancestry]
   391 | D:1      | Reached XP level 2. HP: 2/19 MP: 1/5
  1483 | D:1      | Gained mutation: You have a pair of small antennae on your
                  | head. [demonic ancestry]
  1483 | D:1      | Reached XP level 3. HP: 24/24 MP: 4/6
  1515 | D:$      | Got out of the dungeon alive.

Illustrated notes

Levels and vault maps discovered:
D:1:      psy_arrival_dodecagon, layout_basic, shapermc_ecumenical_altar_venn

Skill      XL: |  1  2 |
---------------+-------+-----
Transmutations | 1 |  1.3
Stealth        | 2 |  2.1
Dodging        | 2 |  2.1
Spellcasting   | |  2.2
Earth Magic    | |  2.9

Action                   || total
-------------------------++-------
Melee: Dagger            ||     6
       Short sword       ||    28
 Cast: Sandblast         ||    19
 Stab: Paralysed         ||     3
       Sleeping          ||     2
Armor: Robe              ||     7
Dodge: Dodged            ||    29
